 Dungeon Crawl Stone Soup version 0.27.1-34-g3ba077fa99 (webtiles) character file.

Game seed: 7199957874521667068

147 cbfl8 the Covered (level 5, -3/46 HPs)
             Began as a Minotaur Fighter on Jan 25, 2022.
             Engulfed by a steam dragon's steam (7 damage)
             ... on level 4 of the Dungeon.
             The game lasted 00:02:09 (1514 turns).

cbfl8 the Covered (Minotaur Fighter)                Turns: 1514, Time: 00:02:09

Health: -3/46      AC:  7    Str: 22    XL:     5   Next: 7%
Magic:  4/4        EV:  8    Int:  5    God:
Gold:   114        SH:  9    Dex:  9    Spells: 4/4 levels left

rFire    . . .     SeeInvis .   f - +1 dagger (venom)
rCold    . . .     Faith    .   c - +0 kite shield
rNeg     . . .     Spirit   .   b - +0 scale mail
rPois    .         Reflect  .   (helmet restricted)
rElec    .         Harm     .   (no cloak)
rCorr    .         Rampage  .   (no gloves)
Will     .....                  (no boots)
Stlth    ..........             (no amulet)
HPRegen  0.15/turn              (no ring)
MPRegen  0.09/turn              (no ring)

@: mighty
A: horns 2, retaliatory headbutt
a: no special abilities


You were on level 4 of the Dungeon.
You visited 1 branch of the dungeon, and saw 3 of its levels.

You collected 114 gold pieces.

Inventory:

Hand Weapons
 a - a +0 war axe
 f - a +1 dagger of venom (weapon)
 h - a +1 dagger of protection
Armour
 b - a +0 scale mail (worn)
 c - a +0 kite shield (worn)
Jewellery
 j - an amulet of faith
Scrolls
 g - 2 scrolls of identify {unknown}
 i - a scroll of fog {unknown}
Potions
 e - a potion of curing {unknown}
 k - a potion of heal wounds {unknown}


   Skills:
 + Level 4.1 Fighting
 + Level 1.0 Short Blades
 + Level 3.3 Axes
 + Level 5.0 Armour
 + Level 0.8 Dodging
 + Level 0.1 Stealth
 + Level 4.7 Shields


You had 4 spell levels left.
You didn't know any spells.
Your spell library contained the following spells:

 Spells                   Type           Power      Damage    Failure   Level
 Ensorcelled Hibernation  Hex/Ice        0%         N/A       100%        2
 Gell's Gravitas          Tloc           0%         N/A       100%        3
 Lesser Beckoning         Tloc           0%         N/A       100%        3
 Spider Form              Tmut/Pois      0%         N/A       100%        3
 Teleport Other           Tloc           0%         N/A       100%        3
 Shadow Creatures         Summ           N/A        N/A       100%        6


Dungeon Overview and Level Annotations

Branches:
Dungeon (2/15)

Altars:

Shops:
D:4 (


Innate Abilities, Weirdness & Mutations

You have a pair of horns on your head.
You reflexively headbutt those who attack you in melee.


Message History

You hit the ball python.
The ball python is poisoned.
The ball python is heavily wounded.
You kill the ball python!
A dart slug comes into view.
You see here 11 gold pieces.
Found 19 gold pieces.
The dart slug launches a dart at you. The slug dart hits you.
You see here a grey potion.
You see here 11 gold pieces.
You hit the dart slug.
The dart slug is poisoned.
You headbutt the dart slug.
You kill the dart slug!
You now have 103 gold pieces (gained 17).
You see here a dart slug corpse.
You now have 114 gold pieces (gained 11).
You hear the slow rusting of a distant drain.
k - a grey potion An adder comes into view.
A steam dragon and 2 scorpions come into view.
Found 27 sling bullets.
Found a stone staircase leading down.
The scorpion moves out of view.
An endoplasm comes into view.
The endoplasm quivers.
The steam dragon breathes steam at you. The ball of steam hits you!
You hear an angry hiss.
You are engulfed in a cloud of scalding steam.
The steam dragon completely misses you.
The steam dragon claws you but does no damage.
You hit the steam dragon.
The steam dragon is poisoned.
Your headbutt misses the steam dragon.
The steam dragon is lightly wounded.
You are engulfed in a cloud of scalding steam.
* * * LOW HITPOINT WARNING * * *
The steam dragon bites you but does no damage.
The steam dragon claws you.
* * * LOW HITPOINT WARNING * * *
You feel very mighty all of a sudden.
You are engulfed in a cloud of scalding steam.
You die...

#... .## ####
###...##
##..###...###
#......##....##
##..# ##..##..≈.##
##§.# .$##..##≈...#
#..##≈..≈##..#...≈##
#8§@Ds##§.#.8#.≈≈...
#.§#§s.>§§#...≈.).#.
#..#≈J(⌠.≈#††#≈...##
#8.#..##..#.8#.≈≈.#
#.S##§..≈##..#...≈#
##..##..##..##≈...#
##..####..##..≈.##
##S.....##....##
#..≈.##..###≈..###


You could see a steam dragon (very poisoned), 2 scorpions, an adder (wandering)
and an endoplasm.

Vanquished Creatures
  A necrophage (D:4)
  A worm (D:2)
  2 dart slugs
  8 ball pythons
  4 bats
  9 endoplasms
  4 giant cockroaches
  5 hobgoblins
  5 kobolds
  A frilled lizard (D:1)
  5 goblins
  3 rats
48 creatures vanquished.

Notes
Turn   | Place    | Note
-------+----------+-------------------------------------------
     0 | D:1      | cbfl8 the Minotaur Fighter began the quest for the Orb.
     0 | D:1      | Reached XP level 1. HP: 19/19 MP: 0/0
    89 | D:1      | Reached XP level 2. HP: 27/27 MP: 1/1
   112 | D:1      | HP: 1/27 [endoplasm (2)]
   483 | D:1      | Reached skill level 4 in Armour
   660 | D:1      | Found a faded altar of an unknown god.
   752 | D:1      | Reached XP level 3. HP: 33/33 MP: 2/2
  1365 | D:2      | You fall into a shaft and drop 2 floors!
  1435 | D:4      | Found Lungaug's Weapon Boutique.
  1445 | D:4      | Noticed a necrophage
  1457 | D:4      | Killed a necrophage
  1458 | D:4      | Reached skill level 1 in Short Blades
  1458 | D:4      | Reached skill level 5 in Armour
  1458 | D:4      | Reached XP level 4. HP: 33/40 MP: 3/3
  1458 | D:4      | Reached XP level 5. HP: 38/46 MP: 4/4
  1509 | D:4      | Noticed a steam dragon
  1514 | D:4      | Engulfed by a steam dragon's steam

Illustrated notes

Levels and vault maps discovered:
D:1:      doesnt_arrival_eight_statues, layout_basic,
          shapermc_ecumenical_altar_venn, minmay_stone_trees_small
D:2:      layout_rooms, chequers_decorated_corner
D:4:      layout_loops_ring, gup_sewer_entry_bowl, serial_shops, shop,
          nicolae_shop_temple_entry_statues_fountains, shop, shop,
          chequers_serial_rivers_marsh, nzn_random_ring, uniq_blork_the_orc

Skill      XL: |  1  2  3 |
---------------+----------+-----
Shields        | 4 |  4.7
Armour         | 4 5 |  5.0
Fighting       | 4 |  4.1
Axes           | 3 |  3.3
Short Blades   | 1 |  1.0
Dodging        | |  0.8
Stealth        | |  0.1

Action                   |  1- 3 |  4- 6 || total
-------------------------+-------+-------++-------
Melee: War axe           |    18 |       ||    18
       Headbutt          |    23 |     1 ||    24
       Dagger            |    79 |     6 ||    85
  Use: Potion            |       |     1 ||     1
Armor: Scale mail        |    35 |     3 ||    38
Dodge: Dodged            |    34 |     5 ||    39
Block: Kite shield       |    55 |     8 ||    63
